[Event "Titled Tuesday Blitz May 10 Early 2022"]
[White "Shyaamnikhil P"]
[Black "Miszler, Levente"]
[WhiteFideId "5024218"]
[BlackFideId "763276"]
[WhiteElo "2329"]
[BlackElo "1966"]
[Result "1-0"]
[Round "02"]
[TimeControl "180+1"]
[Date "2022.05.11"]
[WhiteClock "0:00:51"]
[BlackClock "0:00:44"]

1. Nf3 d6 2. d4 Nd7 3. Nc3 e5 4. e4 g6 5. Bc4 exd4 6. Qxd4 Qf6 7. Nd5 Qxd4 8. Nxd4 Kd8 9. Bg5+ Ne7 10. Nb5 c6 11. Nxe7 Bxe7 12. Nxd6 Bxg5 13. Nxf7+ Ke7 14. Nxg5 Nb6 15. Bb3 h6 16. Nf3 Be6 17. Kd2 Rad8+ 18. Ke3 Nc4+ 19. Bxc4 Bxc4 20. b3 Be6 21. Rad1 g5 22. Ne5 Kf6 23. Nd3 b6 24. f3 c5 25. Nf2 Ke5 26. g3 Rhf8 27. f4+ Kf6 28. f5 Bf7 29. Ng4+ Kg7 30. Ne5 Rfe8 31. Nxf7 Kxf7 32. h4 Kf6 33. hxg5+ Kxg5 34. Kf3 h5 35. Rhe1 b5 36. c4 b4 37. Rd5 a5 38. Red1 Rc8 39. Rd7 Kf6 40. R1d6+ Ke5 41. Rd5+ Kf6 42. Kf4 1-0


[Site "https://www.chess.com"]

[Event "Titled Tuesday Blitz May 10 Early 2022"]
[White "Silva, Kaua Marques"]
[Black "Kwon, Sehyun"]
[WhiteFideId "22701168"]
[BlackFideId "13203088"]
[WhiteElo "2071"]
[BlackElo "1778"]
[Result "1-0"]
[Round "02"]
[TimeControl "180+1"]
[Date "2022.05.11"]
[WhiteClock "0:00:03"]
[BlackClock "0:00:02"]

1. e4 e5 2. Nf3 Nc6 3. Bb5 a6 4. Ba4 Nf6 5. O-O d6 6. Re1 Be7 7. c3 O-O 8. h3 b5 9. Bb3 Nb8 10. d4 Nbd7 11. a4 Bb7 12. Nbd2 c5 13. d5 Re8 14. Nf1 Bf8 15. g4 c4 16. Bc2 Nc5 17. Ng3 g6 18. Kg2 Bg7 19. g5 Nfd7 20. h4 Rf8 21. h5 bxa4 22. Nh2 Nb3 23. Rxa4 Nxc1 24. Qxc1 Nc5 25. Rxc4 a5 26. Ng4 Ba6 27. Rxc5 dxc5 28. Qe3 Rb8 29. Qxc5 Qxg5 30. Bd1 Rxb2 31. h6 Bxh6 32. Nxh6+ Qxh6 33. Qxa5 Bc8 34. Rh1 Qf4 35. Bf3 Bg4 36. Bxg4 Qxg4 37. Qa1 Rc2 38. c4 Qf4 39. Rf1 Rb8 40. d6 Rbb2 41. Qe1 Rd2 42. c5 Rbc2 43. d7 Rxd7 44. Qa5 Rdd2 45. Nh1 Rc3 46. Qxc3 Qxe4+ 47. Qf3 Qd4 48. Qe3 Qb2 49. Ng3 Rc2 50. Re1 Rc3 51. Qxe5 Qb7+ 52. Qe4 Qc7 53. Qe8+ Kg7 54. Qe5+ Qxe5 55. Rxe5 Kf6 56. Rd5 Ke6 57. Rd6+ Ke7 58. Rd5 Ke6 59. Rd6+ Ke7 60. Ne4 Rc4 61. Kf3 f5 62. Ng5 Rxc5 63. Re6+ Kd7 64. Ra6 h6 65. Ne6 Rc3+ 66. Kf4 Rc4+ 67. Ke5 Rc2 68. f4 Rf2 69. Ra7+ Kc6 70. Rc7+ Kb6 71. Rg7 Re2+ 72. Kf6 g5 73. fxg5 hxg5 74. Rxg5 f4 75. Rf5 Rf2 76. Nxf4 Kc6 77. Ke5 Rf1 78. Rf6+ Kd7 79. Rd6+ Ke7 80. Nd5+ Ke8 81. Ra6 Re1+ 82. Kd6 Rb1 83. Ra7 Kf8 84. Ke6 Ke8 85. Ra8+ 1-0


[Site "https://www.chess.com"]

[Event "Titled Tuesday Blitz May 10 Early 2022"]
[White "Silva, Mariana Sofia T."]
[Black "Toncheva, Nadya"]
[WhiteFideId "1911899"]
[BlackFideId "2924056"]
[WhiteElo "1825"]
[BlackElo "1888"]
[Result "0-1"]
[Round "02"]
[TimeControl "180+1"]
[Date "2022.05.11"]
[WhiteClock "0:00:01"]
[BlackClock "0:00:34"]

1. d4 d5 2. c4 dxc4 3. e3 Nf6 4. Bxc4 e6 5. Nf3 a6 6. O-O b5 7. Be2 Bb7 8. Nc3 Nbd7 9. b3 c5 10. dxc5 Bxc5 11. Bb2 O-O 12. Rc1 Qb6 13. Qc2 Rac8 14. Qb1 Rfd8 15. Rfd1 Bxe3 16. fxe3 Qxe3+ 17. Kh1 Ng4 18. Rf1 b4 19. Nd1 Qxe2 20. Re1 Qb5 21. Rxc8 Rxc8 22. Ne3 Nxe3 23. Rxe3 Qc5 24. Qe1 Nf8 25. h3 Ng6 26. Nd4 Qh5 27. Qg3 Qd1+ 28. Kh2 Qd2 29. Ba1 Qxa2 0-1


[Site "https://www.chess.com"]

[Event "Titled Tuesday Blitz May 10 Early 2022"]
[White "Sjoberg, Isak"]
[Black "parintele_chess"]
[WhiteFideId "1521640"]
[WhiteElo "2037"]
[BlackElo "2208"]
[Result "1-0"]
[Round "02"]
[TimeControl "180+1"]
[Date "2022.05.11"]
[WhiteClock "0:00:42"]
[BlackClock "0:00:41"]

1. h4 d5 2. h5 h6 3. g3 Nc6 4. Bg2 Bf5 5. d3 Nf6 6. Nc3 e6 7. Nf3 Bc5 8. Bf4 Ng4 9. d4 Bb4 10. Nh4 Bxc3+ 11. bxc3 Bh7 12. e4 Nf6 13. exd5 exd5 14. O-O O-O 15. Rb1 Na5 16. Be5 c6 17. Qf3 Bxc2 18. Rb4 Be4 19. Qe2 Bxg2 20. Kxg2 Re8 21. Nf5 b5 22. Qf3 Ne4 23. Bxg7 Nd2 24. Qg4 Re4 25. Nxh6+ Kh7 26. Qf5+ Kxg7 27. Qxf7+ Kh8 28. Qg6 Nxf1 29. Nf7# 1-0


[Site "https://www.chess.com"]

[Event "Titled Tuesday Blitz May 10 Early 2022"]
[White "Sjugirov, Sanan"]
[Black "Hnydiuk, Aleksander"]
[WhiteFideId "4189302"]
[BlackFideId "1109057"]
[WhiteElo "2602"]
[BlackElo "2374"]
[Result "1-0"]
[Round "02"]
[TimeControl "180+1"]
[Date "2022.05.10"]
[WhiteClock "0:00:04"]
[BlackClock "0:00:01"]

1. e4 Nf6 2. e5 Nd5 3. d4 d6 4. c4 Nb6 5. exd6 exd6 6. Nc3 Be7 7. Bd3 Nc6 8. Nge2 Bg4 9. Be3 O-O 10. O-O Re8 11. b3 Bf6 12. Qd2 d5 13. c5 Nc8 14. f3 Bh5 15. Rae1 Bg6 16. Bxg6 hxg6 17. Bf2 Qd7 18. g4 b6 19. Rd1 bxc5 20. dxc5 Ne5 21. Bg3 c6 22. h3 Bd8 23. f4 Nxg4 24. hxg4 Qxg4 25. Qd3 Bf6 26. Qf3 Qxf3 27. Rxf3 Ne7 28. Bf2 Nf5 29. Nd4 Bxd4 30. Bxd4 f6 31. Bf2 Kf7 32. b4 a6 33. a4 Rab8 34. b5 axb5 35. axb5 cxb5 36. Nxd5 Red8 37. Rfd3 Rbc8 38. Nb4 Rh8 39. Rd7+ Ke6 40. c6 Nh4 41. R1d3 Kf5 42. Nd5 Ke4 43. Re3+ Kf5 44. Ne7+ Kxf4 45. Nxc8 Rxc8 46. c7 Nf3+ 47. Rxf3+ Kxf3 48. Bb6 b4 49. Rd8 b3 50. Rd3+ 1-0


[Site "https://www.chess.com"]

[Event "Titled Tuesday Blitz May 10 Early 2022"]
[White "Skuhala, Barbara"]
[Black "Olsen, Filip Boe"]
[WhiteFideId "14605465"]
[BlackFideId "1440640"]
[WhiteElo "2155"]
[BlackElo "2247"]
[Result "1-0"]
[Round "02"]
[TimeControl "180+1"]
[Date "2022.05.11"]
[WhiteClock "0:00:25"]
[BlackClock "0:00:06"]

1. e4 c5 2. Nf3 d6 3. d4 cxd4 4. Nxd4 Nf6 5. Nc3 a6 6. f3 e5 7. Nb3 Be7 8. Be3 Be6 9. Qd2 O-O 10. O-O-O a5 11. a4 Nc6 12. Kb1 Nb4 13. g4 Rc8 14. h4 Qe8 15. h5 d5 16. g5 d4 17. gxf6 dxe3 18. Qxe3 Bxf6 19. h6 g6 20. Bb5 Qe7 21. Nxa5 Bg5 22. Qb6 Rxc3 23. bxc3 Na2 24. Rd3 Qa3 25. Bc4 Bxc4 26. Nxc4 Nxc3+ 27. Rxc3 Qxc3 28. Qb3 Qd4 29. Qd3 Qc5 30. Rd1 Bxh6 31. Qb3 Bf4 32. Rd5 Qg1+ 33. Ka2 Rc8 34. Na3 b6 35. Rd7 Rf8 36. Nc4 Qc5 37. Nd6 b5 38. Rxf7 bxa4 39. Rxf8+ Kg7 40. Qf7+ Kh6 41. Nf5+ gxf5 42. Qe6+ Kh5 43. Qxf5+ Kh4 44. Qg4# 1-0


[Site "https://www.chess.com"]

[Event "Titled Tuesday Blitz May 10 Early 2022"]
[White "Solovchuk, Oleksiy"]
[Black "Bacrot, Etienne"]
[WhiteFideId "14115220"]
[BlackFideId "605506"]
[WhiteElo "2305"]
[BlackElo "2673"]
[Result "0-1"]
[Round "02"]
[TimeControl "180+1"]
[Date "2022.05.10"]
[WhiteClock "0:01:31"]
[BlackClock "0:01:24"]

1. c4 e6 2. Nf3 d5 3. e3 Nf6 4. b3 Be7 5. Bb2 O-O 6. Be2 b6 7. cxd5 exd5 8. O-O c5 9. d4 Nc6 10. Nc3 Bb7 11. Rc1 Rc8 12. dxc5 bxc5 13. Na4 Ne4 14. Ba3 Nb4 15. Nxc5 Rxc5 16. Rxc5 Bxc5 0-1


[Site "https://www.chess.com"]

[Event "Titled Tuesday Blitz May 10 Early 2022"]
[White "Stankovic, Ivan G"]
[Black "Atakhan, Abtin"]
[WhiteFideId "902837"]
[BlackFideId "22502203"]
[WhiteElo "2195"]
[BlackElo "2094"]
[Result "1-0"]
[Round "02"]
[TimeControl "180+1"]
[Date "2022.05.11"]
[WhiteClock "0:00:09"]
[BlackClock "0:00:01"]

1. e4 c5 2. c4 Nc6 3. Nc3 g6 4. g3 Bg7 5. Bg2 d6 6. d3 Nf6 7. Nge2 O-O 8. O-O Ne8 9. Be3 Nc7 10. d4 cxd4 11. Nxd4 Ne6 12. Nde2 Ne5 13. b3 Ng4 14. Bd2 Bd7 15. h3 Ne5 16. Be3 Nc6 17. Qd2 a6 18. Rad1 b5 19. c5 Qa5 20. cxd6 exd6 21. Nd5 Qxd2 22. Rxd2 Rab8 23. Rfd1 Nc5 24. Nec3 b4 25. Na4 Nxa4 26. bxa4 Ne5 27. Nb6 Rxb6 28. Bxb6 Nc4 29. Rxd6 Bxa4 30. R1d3 Nxd6 31. Rxd6 Rc8 32. Bf1 Bb5 33. Bxb5 axb5 34. Rd8+ Rxd8 35. Bxd8 f5 36. exf5 gxf5 37. Kf1 Kf7 38. Ke2 Ke6 39. Kd3 Kd5 40. Bg5 Bd4 41. f3 Be5 42. g4 f4 43. Bd8 Bd6 44. Bb6 Be7 45. Bf2 Bd6 46. Be1 Bc5 47. Bd2 Bd6 48. h4 Ke5 49. h5 Kd5 50. Bc1 Ke5 51. Bb2+ Kd5 52. g5 Be7 53. g6 hxg6 54. h6 1-0


[Site "https://www.chess.com"]

[Event "Titled Tuesday Blitz May 10 Early 2022"]
[White "Steinberg, Nitzan"]
[Black "Suder, Jakub"]
[WhiteFideId "2801795"]
[BlackFideId "1195310"]
[WhiteElo "2471"]
[BlackElo "2058"]
[Result "1-0"]
[Round "02"]
[TimeControl "180+1"]
[Date "2022.05.10"]
[WhiteClock "0:00:04"]
[BlackClock "0:00:01"]

1. e4 c5 2. Nf3 e6 3. d4 cxd4 4. Nxd4 Nc6 5. Nc3 Nf6 6. Ndb5 Bc5 7. Bf4 O-O 8. Bc7 Qe7 9. Bd6 Bxd6 10. Qxd6 Qd8 11. O-O-O a6 12. Nd4 Qb6 13. Nxc6 bxc6 14. f3 Ne8 15. Qa3 d6 16. Bd3 e5 17. Bc4 Be6 18. Qa4 Rb8 19. Bb3 Bxb3 20. axb3 a5 21. Qc4 Rc8 22. Rd2 g6 23. h4 Kg7 24. h5 h6 25. hxg6 fxg6 26. Qe6 Qc7 27. Nd1 Rd8 28. Qh3 Rh8 29. Ne3 Nf6 30. Qg3 Kf7 31. Rhd1 a4 32. bxa4 Qa7 33. Rd3 Qxa4 34. Ra3 Qb4 35. Ng4 Rd7 36. Nxf6 Kxf6 37. f4 Re8 38. Rf3 Qxe4 39. fxe5+ Kg7 40. exd6 Qa4 41. Ra3 Qe4 42. Qc3+ Qe5 43. Qxc6 Red8 44. Rad3 Qf4+ 45. Kb1 Qe5 46. g4 h5 47. gxh5 gxh5 48. Rg1+ Kh8 49. Rd5 Qe2 50. Qc3+ Kh7 51. Qf6 1-0


[Site "https://www.chess.com"]

[Event "Titled Tuesday Blitz May 10 Early 2022"]
[White "Stevens, Christian"]
[Black "De Arruda, Leandro Formes"]
[WhiteFideId "2604450"]
[BlackFideId "22722009"]
[WhiteElo "2473"]
[BlackElo "1852"]
[Result "1-0"]
[Round "02"]
[TimeControl "180+1"]
[Date "2022.05.11"]
[WhiteClock "0:01:21"]
[BlackClock "0:01:14"]

1. d4 d5 2. c4 e6 3. Nc3 Nf6 4. cxd5 exd5 5. Qc2 Be7 6. Bg5 c6 7. e3 O-O 8. Bd3 h6 9. Bh4 Re8 10. Nf3 Ne4 11. Bxe7 Qxe7 12. O-O f5 13. Ne5 Nd7 14. f4 Nxe5 15. fxe5 Qg5 16. Rf4 Be6 17. Raf1 Rac8 18. Bxe4 fxe4 19. b4 b6 20. Qf2 c5 21. bxc5 bxc5 22. dxc5 Rxc5 23. Rf8+ Kh7 24. Nxe4 dxe4 25. Rxe8 Rxe5 26. Qf4 Qh5 27. a3 a5 28. Re7 a4 29. Qf6 Qg5 30. Qxg5 hxg5 31. Rf8 Kg6 32. g4 Kh6 33. Rfe8 1-0


[Site "https://www.chess.com"]

[Event "Titled Tuesday Blitz May 10 Early 2022"]
[White "Subelj, Jan"]
[Black "Kamsky, Gata"]
[WhiteFideId "14618583"]
[BlackFideId "2000024"]
[WhiteElo "2328"]
[BlackElo "2645"]
[Result "1/2-1/2"]
[Round "02"]
[TimeControl "180+1"]
[Date "2022.05.11"]
[WhiteClock "0:00:07"]
[BlackClock "0:00:17"]

1. Nf3 Nf6 2. g3 g6 3. Bg2 Bg7 4. O-O O-O 5. c4 d6 6. d4 Nc6 7. Nc3 a5 8. h3 e5 9. d5 Nb8 10. e4 Na6 11. Be3 Nc5 12. Nxe5 Nfxe4 13. Nxe4 Nxe4 14. Ng4 Bxg4 15. hxg4 Nc5 16. Qc2 Qd7 17. Bf3 Rfe8 18. Rfe1 Qa4 19. b3 Qa3 20. Rad1 a4 21. Bxc5 Qxc5 22. bxa4 Qa3 23. Rxe8+ Rxe8 24. Qb3 Qc5 25. Qb5 Qxb5 26. axb5 Ra8 27. Rd2 Ra4 28. Rc2 b6 29. Kg2 Bd4 30. Bd1 Rb4 31. Kf3 Rb1 32. Ke2 Bxf2 33. Rc3 Bc5 34. Rf3 h6 35. a4 Rb2+ 36. Kf1 Kg7 37. Be2 Ra2 38. Bd1 Ra1 39. Ke2 Kf8 40. Bc2 Kg7 41. Bd1 Ra2+ 42. Kf1 Bb4 43. Rb3 Bc5 44. Rf3 1/2-1/2


[Site "https://www.chess.com"]

[Event "Titled Tuesday Blitz May 10 Early 2022"]
[White "Suleymanli, Aydin"]
[Black "Bettalli, Francesco"]
[WhiteFideId "13413937"]
[BlackFideId "2816453"]
[WhiteElo "2481"]
[BlackElo "2216"]
[Result "1-0"]
[Round "02"]
[TimeControl "180+1"]
[Date "2022.05.11"]
[WhiteClock "0:00:17"]
[BlackClock "0:00:09"]

1. e4 e5 2. Nf3 Nf6 3. d4 Nxe4 4. Bd3 d5 5. Nxe5 Bd6 6. O-O O-O 7. Re1 f5 8. f3 Nc6 9. Bf4 Nxe5 10. Bxe5 Bxe5 11. dxe5 Nc5 12. Nc3 Ne6 13. Kh1 c6 14. Qd2 Qh4 15. Ne2 Bd7 16. c4 d4 17. b4 b6 18. a3 c5 19. b5 Rae8 20. a4 Ng5 21. Nf4 Qh6 22. Nd5 Re6 23. a5 Kh8 24. axb6 axb6 25. Ra7 Be8 26. Ra8 Qh5 27. Qf2 Rh6 28. Qg3 Ne6 29. h3 f4 30. Qh2 Qh4 31. Re2 Kg8 32. Nxb6 Ng5 33. Nd5 Bh5 34. Rxf8+ Kxf8 35. Qxf4+ Qxf4 36. Nxf4 Bf7 37. Rb2 Rb6 38. Nd5 Bxd5 39. cxd5 Nf7 40. f4 Ke7 41. d6+ Kd7 42. Ra2 Nd8 43. g4 Ne6 44. Ra7+ Kd8 45. f5 Nf4 46. Bc4 d3 47. Ra8+ Kd7 48. e6+ Kxd6 49. Bxd3 Nxd3 50. Rd8+ Ke7 51. Rxd3 Rxb5 52. Rd7+ Ke8 53. Rxg7 Rb2 54. Rc7 Rc2 55. f6 Kd8 56. Rc6 Rf2 57. f7 Ke7 58. Kg1 Rf6 59. g5 Rf4 60. h4 c4 61. Kg2 Rxh4 62. Rc7+ Kxe6 63. f8=Q Rg4+ 64. Kf3 Rd4 65. Qf6+ Kd5 66. Rd7+ Kc5 67. Qxd4+ 1-0


[Site "https://www.chess.com"]

[Event "Titled Tuesday Blitz May 10 Early 2022"]
[White "Taichman, Ori"]
[Black "Ardila, Oscar Humberto"]
[WhiteFideId "2804069"]
[BlackFideId "4404742"]
[WhiteElo "2227"]
[BlackElo "1928"]
[Result "1-0"]
[Round "02"]
[TimeControl "180+1"]
[Date "2022.05.11"]
[WhiteClock "0:02:02"]
[BlackClock "0:02:12"]

1. e4 e5 2. d4 exd4 3. Qxd4 Nc6 4. Qe3 Bb4+ 5. Nc3 Qe7 6. Bd2 Qc5 7. Nge2 Qxe3 8. Bxe3 d6 9. O-O-O Nge7 10. Nb5 Ba5 11. Nf4 a6 12. Nd4 Bg4 13. f3 Bd7 14. Nb3 Bb4 15. Nd5 Ba5 16. Nxa5 Nxa5 17. Nxc7+ Kd8 18. Nxa8 Kc8 19. Nb6+ Kc7 20. Nxd7 Kxd7 21. Bf4 Nc8 22. Bxd6 Nxd6 23. e5 1-0


[Site "https://www.chess.com"]

[Event "Titled Tuesday Blitz May 10 Early 2022"]
[White "Terry, Renato"]
[Black "Sadykov, Ramil"]
[WhiteFideId "3803457"]
[BlackFideId "24113590"]
[WhiteElo "2577"]
[BlackElo "2280"]
[Result "1-0"]
[Round "02"]
[TimeControl "180+1"]
[Date "2022.05.11"]
[WhiteClock "0:00:35"]
[BlackClock "0:00:09"]

1. d4 d5 2. Nf3 Nf6 3. c4 e6 4. e3 a6 5. b3 c5 6. Bd3 dxc4 7. bxc4 Nc6 8. Bb2 cxd4 9. exd4 Be7 10. O-O O-O 11. Nbd2 Nb4 12. Bb1 b5 13. c5 Bb7 14. Qe2 Qd5 15. Re1 Qh5 16. Qf1 Nbd5 17. Re5 Qg4 18. h3 Qf4 19. g3 Qh6 20. Bc1 Nd7 21. Re1 Qh5 22. g4 Qh6 23. Ne4 Nf4 24. Kh2 Nf6 25. Kg3 Nxe4+ 26. Bxe4 Bxe4 27. Bxf4 g5 28. Rxe4 gxf4+ 29. Kh2 f5 30. gxf5 Rxf5 31. Rae1 Rf6 32. Qe2 Kf7 33. Ne5+ Kg7 34. Ng4 f3 35. Qd3 Qf4+ 36. Rxf4 1-0


[Site "https://www.chess.com"]

[Event "Titled Tuesday Blitz May 10 Early 2022"]
[White "Thomas, Anysia"]
[Black "Batsiashvili, Nino"]
[WhiteFideId "670472"]
[BlackFideId "13602993"]
[WhiteElo "2002"]
[BlackElo "2193"]
[Result "0-1"]
[Round "02"]
[TimeControl "180+1"]
[Date "2022.05.11"]
[WhiteClock "0:00:05"]
[BlackClock "0:00:47"]

1. d4 f5 2. Nf3 Nf6 3. g3 g6 4. Bg2 Bg7 5. O-O O-O 6. b3 a5 7. Bb2 a4 8. a3 axb3 9. cxb3 d6 10. Nbd2 Nbd7 11. Re1 Nb6 12. e4 fxe4 13. Nxe4 Nxe4 14. Rxe4 Bf5 15. Re2 c6 16. h4 Bg4 17. Qd3 Nd5 18. Rae1 Qd7 19. Rd2 Rf6 20. Ng5 Raf8 21. Qc4 h6 22. Ne4 R6f7 23. Nc3 e6 24. Nxd5 exd5 25. Qd3 Bf5 26. Qe3 b5 27. b4 Kh7 28. Bc1 Qd8 29. h5 gxh5 30. Bf3 Bg4 31. Qd3+ Kh8 32. Bg2 Qf6 33. f4 Bf5 34. Qf3 Qg6 35. Rde2 Be4 36. Qf2 Bxg2 37. Kxg2 Rxf4 38. Bxf4 Qg4 39. Re8 h4 40. Rxf8+ Bxf8 41. Be5+ Kg8 42. Bf4 Bg7 43. Kh2 hxg3+ 44. Qxg3 Qh5+ 45. Kg2 Qf5 46. Re8+ Kf7 47. Re2 Bxd4 48. Be3 Be5 49. Rf2 Bxg3 50. Rxf5+ Ke6 51. Rh5 Be5 52. Rxh6+ Kf5 53. Kf3 d4 54. Bd2 Bf6 55. Rh5+ Ke6 56. Rh6 Ke5 57. Rh7 c5 58. Bf4+ Kd5 59. Rh6 Be7 60. Rh5+ Kc4 61. Ke4 d5+ 62. Kf3 cxb4 63. axb4 Bxb4 64. Rh2 Bc3 65. Rg2 d3 66. Bd2 b4 67. Ke3 d4+ 68. Ke4 b3 69. Bxc3 dxc3 70. Rg8 b2 71. Rc8+ Kb3 72. Rb8+ Kc2 73. Ke3 b1=Q 74. Rxb1 Kxb1 75. Kxd3 c2 0-1


[Site "https://www.chess.com"]

[Event "Titled Tuesday Blitz May 10 Early 2022"]
[White "Todorovic, Bojan"]
[Black "Ceres, Dragos"]
[WhiteFideId "917087"]
[BlackFideId "13905864"]
[WhiteElo "2266"]
[BlackElo "2150"]
[Result "1-0"]
[Round "02"]
[TimeControl "180+1"]
[Date "2022.05.11"]
[WhiteClock "0:00:28"]
[BlackClock "0:00:09"]

1. d4 Nf6 2. c4 e6 3. Nc3 Bb4 4. e3 O-O 5. Nf3 b6 6. Bd3 Bb7 7. O-O d5 8. Qe2 a6 9. Bd2 Bd6 10. e4 dxe4 11. Nxe4 Nxe4 12. Bxe4 Bxe4 13. Qxe4 Nd7 14. Rad1 Nf6 15. Qh4 Be7 16. Rfe1 Re8 17. Ne5 Nd7 18. Qg3 Nxe5 19. dxe5 Qc8 20. Bh6 Bf8 21. Rd4 Re7 22. Rg4 g6 23. Bg5 Rd7 24. Bf6 Bg7 25. Rh4 Qf8 26. h3 b5 27. Ree4 Rd1+ 28. Kh2 Bxf6 29. exf6 Qd6 30. f4 Rd4 31. Re5 Rxc4 32. Reh5 Qd8 33. Qg5 Rc5 34. Rxh7 1-0


[Site "https://www.chess.com"]

[Event "Titled Tuesday Blitz May 10 Early 2022"]
[White "Trimitzios, Petros"]
[Black "Devaev, Alexander"]
[WhiteFideId "25808796"]
[BlackFideId "4169395"]
[WhiteElo "2049"]
[BlackElo "2185"]
[Result "1-0"]
[Round "02"]
[TimeControl "180+1"]
[Date "2022.05.11"]
[WhiteClock "0:00:28"]
[BlackClock "0:00:02"]

1. Nf3 Nf6 2. d4 e6 3. c4 c5 4. e3 cxd4 5. exd4 d5 6. cxd5 Nxd5 7. Nc3 Bb4 8. Bd2 Nc6 9. Bd3 O-O 10. O-O Be7 11. Rc1 Bf6 12. Be3 Nce7 13. Qe2 Ng6 14. Bb1 Nxc3 15. bxc3 Bd7 16. Rfd1 b5 17. Bd3 a6 18. c4 bxc4 19. Bxc4 Bb5 20. Bxb5 axb5 21. Qxb5 Rxa2 22. d5 Ra5 23. Qb7 Rxd5 24. Rxd5 Qxd5 25. Qb6 h6 26. h3 Ne5 27. Nxe5 Bxe5 28. g3 Rb8 29. Qa6 Ra8 30. Qb6 Qf3 31. Re1 Bxg3 32. fxg3 Qxg3+ 33. Kf1 Qxh3+ 34. Kg1 Qg3+ 35. Kf1 Ra4 36. Qd8+ Kh7 37. Qd3+ f5 38. Ke2 Ra2+ 39. Bd2 Qg4+ 40. Kf2 e5 41. Rg1 Qh4+ 42. Ke2 e4 43. Qd4 Qh2+ 44. Kf1 Qh3+ 45. Ke1 Qh4+ 46. Kd1 Qh5+ 47. Kc1 Qf7 48. Bc3 Ra7 49. Rg3 Rd7 50. Qe5 Re7 51. Qd4 Rd7 52. Qe5 Re7 53. Qc5 Qe6 54. Qd4 Rf7 55. Rxg7+ Rxg7 56. Qxg7# 1-0


[Site "https://www.chess.com"]

[Event "Titled Tuesday Blitz May 10 Early 2022"]
[White "Tuleyeva-Aketayeva, Dana"]
[Black "Janaszak, Dawid"]
[WhiteFideId "13701932"]
[BlackFideId "1119206"]
[WhiteElo "1875"]
[BlackElo "2199"]
[Result "0-1"]
[Round "02"]
[TimeControl "180+1"]
[Date "2022.05.11"]
[WhiteClock "0:00:09"]
[BlackClock "0:02:08"]

1. d4 Nf6 2. Nf3 g6 3. g3 Bg7 4. Bg2 O-O 5. O-O d6 6. c4 c5 7. dxc5 dxc5 8. Nc3 Nc6 9. Be3 Qa5 10. Qa4 Be6 11. Qxa5 Nxa5 12. Bxc5 Nxc4 13. Bxe7 Rfe8 14. Bxf6 Bxf6 15. Rab1 Rac8 16. Ne4 Be7 17. b3 Na3 18. Rbc1 Nc2 19. Nfg5 Bf5 20. h3 h6 21. g4 hxg5 22. gxf5 gxf5 23. Ng3 f4 24. Nf5 Bf8 25. Bxb7 Rc5 26. Be4 Rxe4 27. f3 Rxe2 28. Rxc2 Rcxc2 29. Nd4 Rg2+ 30. Kh1 Rh2+ 31. Kg1 Rcg2# 0-1


[Site "https://www.chess.com"]

[Event "Titled Tuesday Blitz May 10 Early 2022"]
[White "Turutin, Alexander"]
[Black "Federzoni, Enzo"]
[WhiteFideId "4180623"]
[BlackFideId "2173301"]
[WhiteElo "2402"]
[BlackElo "1956"]
[Result "0-1"]
[Round "02"]
[TimeControl "180+1"]
[Date "2022.05.11"]
[WhiteClock "0:00:16"]
[BlackClock "0:01:49"]

1. e4 c5 2. Nf3 d6 3. d4 cxd4 4. Nxd4 Nf6 5. Nc3 a6 6. g3 e6 7. Bg2 Be7 8. O-O O-O 9. Be3 Nc6 10. f4 Bd7 11. g4 Nxd4 12. Bxd4 Bc6 13. g5 Nd7 14. Qh5 e5 15. fxe5 dxe5 16. Be3 Bc5 17. Bxc5 Nxc5 18. Kh1 b5 19. Rad1 Qa5 20. Nd5 Bxd5 21. Rxd5 Ne6 22. Rxe5 Qxa2 23. Bh3 Qxb2 24. Rd5 Qxc2 25. Qf3 Rae8 26. Bg2 b4 27. Rf2 Qc4 28. h4 b3 29. h5 Nxg5 30. Qg4 Nxe4 0-1


[Site "https://www.chess.com"]

[Event "Titled Tuesday Blitz May 10 Early 2022"]
[White "Tymrakiewicz, Rafal"]
[Black "Seo, Jung Min"]
[WhiteFideId "1108832"]
[BlackFideId "1734687"]
[WhiteElo "2205"]
[BlackElo "2401"]
[Result "1-0"]
[Round "02"]
[TimeControl "180+1"]
[Date "2022.05.11"]
[WhiteClock "0:00:24"]
[BlackClock "0:01:38"]

1. e4 c6 2. d4 d5 3. exd5 cxd5 4. c4 Nf6 5. Nc3 Nc6 6. Bg5 Ne4 7. Be3 e6 8. Nxe4 dxe4 9. Ne2 Bb4+ 10. Nc3 O-O 11. Be2 f5 12. d5 Ne7 13. Qb3 Qa5 14. O-O f4 15. Bd2 f3 16. gxf3 exf3 17. Bd3 Nf5 18. a3 Bxc3 19. Bxc3 Qd8 20. Kh1 Nh4 21. Rg1 Ng2 22. Be4 exd5 23. Bxd5+ Kh8 24. Bxf3 Rxf3 25. Bxg7+ Kxg7 26. Qxf3 1-0


[Site "https://www.chess.com"]

[Event "Titled Tuesday Blitz May 10 Early 2022"]
[White "Unver, Cumali"]
[Black "Jaskolka, Tomasz"]
[WhiteFideId "6304940"]
[BlackFideId "1170791"]
[WhiteElo "2013"]
[BlackElo "2073"]
[Result "0-1"]
[Round "02"]
[TimeControl "180+1"]
[Date "2022.05.11"]
[WhiteClock "0:00:28"]
[BlackClock "0:01:56"]

1. e4 c5 2. Nf3 e6 3. c3 Nf6 4. e5 Nd5 5. d4 cxd4 6. cxd4 d6 7. a3 Be7 8. Bd3 O-O 9. Qc2 h6 10. O-O b6 11. Qe2 dxe5 12. dxe5 f5 13. exf6 Nxf6 14. Rd1 Qe8 15. Nc3 Nc6 16. Bf4 Qf7 17. Ne5 Nxe5 18. Bxe5 Bb7 19. Ne4 Nxe4 20. Bxe4 Bxe4 21. Qxe4 Qxf2+ 22. Kh1 Qf5 0-1


[Site "https://www.chess.com"]

[Event "Titled Tuesday Blitz May 10 Early 2022"]
[White "Valle Maytin, Luis Enrique"]
[Black "Hansch, Karsten"]
[WhiteFideId "3503666"]
[BlackFideId "24692239"]
[WhiteElo "2285"]
[BlackElo "2358"]
[Result "0-1"]
[Round "02"]
[TimeControl "180+1"]
[Date "2022.05.11"]
[WhiteClock "0:00:04"]
[BlackClock "0:01:18"]

1. e4 c6 2. d4 d5 3. e5 Bf5 4. g4 Be4 5. f3 Bg6 6. e6 fxe6 7. h4 Qd6 8. h5 Bf7 9. f4 c5 10. c3 Nc6 11. Nf3 Nf6 12. Bb5 Nxg4 13. Ne5 Nf6 14. Qa4 Rc8 15. Qxa7 Qc7 16. Qxc5 Bxh5 17. Nd2 g6 18. Nf1 Bg7 19. Ng3 O-O 20. Bxc6 bxc6 21. a4 Qd6 22. Nd3 Ne4 23. Nxe4 dxe4 24. Nf2 Qxc5 25. dxc5 Bf3 26. Rh3 e5 27. fxe5 Bxe5 28. Kd2 Bg2 29. Ke2 Bxh3 30. Nxh3 Rf3 31. Nf2 Rcf8 32. Nxe4 Rh3 33. Be3 Rh2+ 34. Kd3 Rxb2 35. a5 Ra8 36. Nd2 Bc7 37. Nc4 Rb5 38. a6 Ra7 39. Nb6 Kf7 40. Kc2 Ke6 41. c4 Rb4 42. Bd2 Rxb6 43. cxb6 Bxb6 44. Bb4 Bd4 45. Ra5 c5 46. Bd2 Kd6 47. Bf4+ Kc6 48. Bb8 Ra8 49. a7 e5 50. Ra3 Kb7 51. Kd3 Rxb8 52. axb8=Q+ Kxb8 53. Ke4 Kc7 54. Rf3 Kb6 55. Rf7 h5 56. Rf6+ Ka5 57. Rxg6 Kb4 58. Kd5 Kc3 59. Rg3+ Kd2 60. Rh3 Kc2 61. Rxh5 Kd3 62. Rh3+ Kc2 63. Ke4 Kd2 64. Ra3 Kc2 65. Rf3 Kd2 66. Rh3 Kc2 67. Rg3 Kb2 68. Rh3 Kc2 69. Rg3 Bb2 70. Rg2+ Kb3 0-1


[Site "https://www.chess.com"]

[Event "Titled Tuesday Blitz May 10 Early 2022"]
[White "Van den Dikkenberg, Erik"]
[Black "Ljukin, Sergei"]
[WhiteFideId "1005880"]
[BlackFideId "14102200"]
[WhiteElo "2118"]
[BlackElo "2312"]
[Result "1-0"]
[Round "02"]
[TimeControl "180+1"]
[Date "2022.05.11"]
[WhiteClock "0:02:24"]
[BlackClock "0:02:14"]

1. e4 e6 2. d4 d5 3. Nc3 Bb4 4. e5 Ne7 5. Bd2 b6 6. Nb5 Bxd2+ 7. Qxd2 O-O 8. f4 Nf5 9. Nf3 c5 10. Bd3 a6 11. Bxf5 axb5 12. Bxh7+ Kxh7 13. Ng5+ Kg8 14. Qd3 g6 15. Qh3 1-0


[Site "https://www.chess.com"]